 Dungeon Crawl Stone Soup version 0.29.1-1-gd02db6906a (webtiles) character file.

Game seed: 356842878813925774

260 DryNick the Chopper (level 5, -1/47 HPs)
             Began as a Minotaur Berserker on Oct 3, 2022.
             Was a Priest of Trog.
             Slain by Eustachio
             ... wielding a +2 rapier of holy wrath
              (8 damage)
             ... on level 4 of the Dungeon.
             The game lasted 00:33:21 (2924 turns).

DryNick the Chopper (Minotaur Berserker)            Turns: 2924, Time: 00:33:22

Health: -1/47      AC:  8    Str: 24    XL:     5   Next: 95%
Magic:  4/4        EV: 10    Int:  4    God:    Trog [***...]
Gold:   146        SH:  0    Dex:  9    Spells: 4/4 levels left

rFire   . . .      SeeInvis .   a - +0 hand axe
rCold   . . .      Faith    .   (no shield)
rNeg    . . .      Spirit   .   k - +0 scale mail
rPois   .          Reflect  .   (helmet restricted)
rElec   .          Harm     .   v - +0 cloak
rCorr   .          Rampage  .   (no gloves)
Will    .....                   (no boots)
Stlth   ..........              (no amulet)
HPRegen 0.15/turn               (no ring)
MPRegen 0.09/turn               (no ring)

@: no status effects
A: horns 2, retaliatory headbutt
a: Renounce Religion, Berserk, Trog's Hand


You were on level 4 of the Dungeon.
You worshipped Trog.
Trog was most pleased with you.
You visited 1 branch of the dungeon, and saw 4 of its levels.

You collected 146 gold pieces.

Inventory:

Hand Weapons
 a - a +0 hand axe (weapon)
 l - a +0 whip
 n - a +0 sling of flaming
 p - a +2 dagger of venom
 q - a +1 flail of pain
 w - a +0 hand axe
Missiles
 h - 28 stones (quivered)
 t - 8 boomerangs
 B - 2 poisoned darts
Armour
 k - a +0 scale mail (worn)
 m - a +0 ring mail
 r - a +0 scale mail
 v - a +0 cloak (worn)
 y - an orb of energy
Scrolls
 e - 2 scrolls of vulnerability {unknown}
 f - 3 scrolls of noise {unknown}
 i - a scroll of identify {unknown}
 o - 4 scrolls of immolation {unknown}
 u - a scroll of silence {unknown}
Potions
 b - a potion of mutation {unknown}
 c - 2 potions of attraction {unknown}
 d - 2 potions of might {unknown}
 g - 2 potions of curing
 j - a potion of ambrosia {unknown}
 s - 2 potions of heal wounds {unknown}
 x - a potion of cancellation {unknown}
 z - a potion of lignification {unknown}
 A - a potion of flight {unknown}


   Skills:
 + Level 4.8 Fighting
 + Level 6.0 Axes
 + Level 4.1 Armour
 + Level 3.0 Dodging
 + Level 0.2 Stealth


You had 4 spell levels left.
You didn't know any spells.
Your spell library contained the following spells:

 Spells                   Type           Power      Damage    Failure   Level
 Animate Armour           Summ/Erth      0%         N/A       100%        4
 Blade Hands              Tmut           0%         N/A       100%        5
 Iron Shot                Conj/Erth      0%         9d1       100%        6


Dungeon Overview and Level Annotations

Branches:
Dungeon (4/15)
 Temple: D:4-7

Altars:
Cheibriados

Shops:
D:3 *

Annotations:
D:4 Eustachio


Innate Abilities, Weirdness & Mutations

You have a pair of horns on your head.
You reflexively headbutt those who attack you in melee.


Message History

Eustachio hits you with a +2 rapier of holy wrath.
You hit Eustachio.
Eustachio is lightly wounded.
Eustachio hits you with a +2 rapier of holy wrath.
* * * LOW HITPOINT WARNING * * *
You hit Eustachio. Your headbutt misses Eustachio.
Eustachio is lightly wounded.
Eustachio gestures wildly while chanting.
You hit Eustachio. You headbutt Eustachio.
Eustachio is moderately wounded.
Eustachio hits you with a +2 rapier of holy wrath.
* * * LOW HITPOINT WARNING * * *
You hit Eustachio but do no damage.
Eustachio is moderately wounded.
Eustachio hits you but does no damage.
You closely miss Eustachio. You headbutt Eustachio!
Eustachio is heavily wounded.
Eustachio closely misses you.
You barely miss Eustachio.
Eustachio is heavily wounded.
Eustachio hits you with a +2 rapier of holy wrath.
* * * LOW HITPOINT WARNING * * *
You closely miss Eustachio.
Eustachio is heavily wounded.
Eustachio barely misses you.
You barely miss Eustachio.
Eustachio is heavily wounded.
Eustachio misses you.
You hit Eustachio.
You headbutt Eustachio, but do no damage.
Eustachio is heavily wounded.
Eustachio closely misses you. You furiously retaliate!
You headbutt Eustachio! You slash Eustachio!
Eustachio is almost dead.
Eustachio hits you with a +2 rapier of holy wrath.
* * * LOW HITPOINT WARNING * * *
You closely miss Eustachio. Your headbutt misses Eustachio.
Eustachio is almost dead.
Eustachio hits you with a +2 rapier of holy wrath!
You die...

#
....#############
#...r@@........#
#..###########.#
#.# #.# #.# #.#
#.# #.# #.#


You could see Eustachio and a rat (summoned).

Vanquished Creatures
  A kobold brigand (D:4)
  A jelly (D:4)
  Terence (D:2)
  Natasha (twice) (D:2)
  3 adders
  A worm (D:3)
  A dart slug (D:1)
  10 ball pythons
  2 bats
  6 endoplasms
  3 giant cockroaches
  4 goblins
  6 hobgoblins
  A jackal (D:1)
  4 kobolds
  A quokka (D:3)
  2 frilled lizards
  9 rats
58 creatures vanquished.

Notes
Turn   | Place    | Note
-------+----------+-------------------------------------------
     0 | D:1      | DryNick the Minotaur Berserker began the quest for the Orb.
     0 | D:1      | Reached XP level 1. HP: 19/19 MP: 0/0
   133 | D:1      | Reached skill level 4 in Axes
   133 | D:1      | Reached XP level 2. HP: 25/27 MP: 1/1
   474 | D:1      | Reached ** piety under Trog
   705 | D:1      | Reached XP level 3. HP: 33/33 MP: 2/2
   973 | D:2      | Noticed Terence
   982 | D:2      | Killed Terence
  1339 | D:2      | Reached XP level 4. HP: 34/41 MP: 3/3
  1447 | D:2      | Found a snail-covered altar of Cheibriados.
  1447 | D:2      | Noticed Natasha
  1458 | D:2      | Killed Natasha
  1459 | D:2      | Reached skill level 5 in Axes
  1983 | D:2      | Noticed Natasha
  1988 | D:2      | Killed Natasha
  2131 | D:3      | Found Fuluf's Assorted Antiques.
  2305 | D:3      | Reached XP level 5. HP: 47/47 MP: 4/4
  2418 | D:3      | Found a faded altar of an unknown god.
  2890 | D:4      | Noticed Eustachio
  2908 | D:4      | Reached *** piety under Trog
  2913 | D:4      | Reached skill level 6 in Axes
  2924 | D:4      | Slain by Eustachio

Illustrated notes

Levels and vault maps discovered:
D:1:      dpeg_arrival_oval, layout_basic, minmay_tromino_v4_a
D:2:      minmay_angry_zag, layout_loops_ring, basic_altar, uniq_natasha,
          uniq_terence
D:3:      layout_loops_cross, hellmonk_ecumenical_altar_slurped_away,
          serial_shops, shop, kennysheep_minor_cross, hex_large,
          minmay_misc_feat_rows
D:4:      layout_basic, minmay_temple_entry_gardened_gates, uniq_eustachio,
          uniq_ijyb, uniq_grinder

Skill      XL: |  1  2  3  4  5 |
---------------+----------------+-----
Axes           | 4 5 6 |  6.0
Fighting       | 4 |  4.8
Armour         | 3 4 |  4.1
Dodging        | 3 |  3.0
Stealth        | |  0.2

Action                   |  1- 3 |  4- 6 || total
-------------------------+-------+-------++-------
Melee: Hand axe          |    61 |   101 ||   162
       Headbutt          |     9 |    18 ||    27
Armor: Scale mail        |    21 |    35 ||    56
       Animal skin       |     4 |       ||     4
Dodge: Dodged            |    30 |    35 ||    65
